 Dungeon Crawl Stone Soup version 0.28.0-53-g5a82cb258f (webtiles) character file.

Game seed: 15854266676675834608

50 jamesblauser the Skirmisher (level 3, -2/33 HPs)
             Began as a Draconian Berserker on Nov 5, 2022.
             Was a Believer of Trog.
             Killed by an exploding rat (31 damage)
             ... ignited by their inner flame
             ... on level 2 of the Dungeon.
             The game lasted 00:11:50 (812 turns).

jamesblauser the Skirmisher (Draconian Berserker)    Turns: 812, Time: 00:11:51

Health: -2/33      AC:  5    Str: 21    XL:     3   Next: 55%
Magic:  3/3        EV: 12    Int:  7    God:    Trog [**....]
Gold:   37         SH:  0    Dex: 10    Spells: 2/2 levels left

rFire   . . .      SeeInvis .   a - +0 spear
rCold   . . .      Faith    .   (no shield)
rNeg    . . .      Spirit   .   (armour unavailable)
rPois   .          Reflect  .   (helmet restricted)
rElec   .          Harm     +   d - scarf {harm}
rCorr   .          Rampage  .   (no gloves)
Will    .....                   (no boots)
Stlth   +.........              (no amulet)
HPRegen 0.11/turn               (no ring)
MPRegen 0.08/turn               (no ring)

@: no status effects
A: AC +5, unfitting armour, cold-blooded
a: Renounce Religion, Berserk, Trog's Hand


You were on level 2 of the Dungeon.
You worshipped Trog.
Trog was pleased with you.
You visited 1 branch of the dungeon, and saw 2 of its levels.

You collected 37 gold pieces.

Inventory:

Hand Weapons
 a - a +0 spear (weapon)
 b - a +0 spear
 c - a +0 dagger
Missiles
 e - 2 poisoned darts (quivered)
Armour
 d - a scarf of harm (worn)


   Skills:
 + Level 3.9 Fighting
 + Level 3.6 Polearms
 + Level 3.1 Dodging
 + Level 0.4 Stealth


You had 2 spell levels left.
You didn't know any spells.
Your spell library contained the following spells:

 Spells                   Type           Power      Damage    Failure   Level
 Sandblast                Erth           0%         2d4       43%         1
 Passwall                 Tmut/Erth      0%         N/A       56%         2
 Stone Arrow              Conj/Erth      0%         3d7       80%         3


Dungeon Overview and Level Annotations

Branches:
Dungeon (2/15)

Altars:


Innate Abilities, Weirdness & Mutations

Your plain brown scales are hard. (AC +5)
You cannot fit into any form of body armour.
You are cold-blooded and may be slowed by cold attacks.


Message History

A giant cockroach comes into view.
The giant cockroach misses you.
You hit the giant cockroach but do no damage.
Your tail-slap misses the giant cockroach.
The giant cockroach misses you.
You hit the giant cockroach.
The giant cockroach is moderately wounded.
The giant cockroach barely misses you.
You hit the giant cockroach.
You tail-slap the giant cockroach, but do no damage.
The giant cockroach is heavily wounded.
The giant cockroach bites you but does no damage.
You barely miss the giant cockroach.
You tail-slap the giant cockroach, but do no damage.
The giant cockroach is heavily wounded.
The giant cockroach closely misses you.
You closely miss the giant cockroach.
The giant cockroach is heavily wounded.
The giant cockroach barely misses you. The giant cockroach bites you.
You hit the giant cockroach.
The giant cockroach is almost dead.
The giant cockroach closely misses you.
You barely miss the giant cockroach. You tail-slap the giant cockroach.
You kill the giant cockroach!
Trog accepts your kill.
You can now call upon Trog for regeneration and willpower.
You see here a giant cockroach corpse.
f - a scroll labelled QAGOULLORCHI A rat comes into view.
As you read the scroll labelled QAGOULLORCHI, it crumbles to dust.
The creatures around you are filled with an inner flame!
It was a scroll of immolation.
The rat closely misses you.
You hit the rat but do no damage. The rat barely misses you.
You hit the rat. Trog accepts your kill.
The rat explodes!
The fiery explosion engulfs you!!
Ouch! That really hurt!
You die...

######### #..@§§..#
#.#####.# #.# ..# #.###.#
#.....# # ##.##.#.#
#....†..# ####
#.#.##.......#
...#########..#.########.#


There were no monsters in sight!

Vanquished Creatures
  An adder (D:2)
  A dart slug (D:1)
  A ball python (D:1)
  5 endoplasms (D:1)
  2 giant cockroaches
  4 goblins
  4 hobgoblins (D:1)
  5 quokkas
  4 bats (D:1)
  4 frilled lizards
  2 kobolds (D:1)
  3 rats
36 creatures vanquished.

Notes
Turn   | Place    | Note
-------+----------+-------------------------------------------
     0 | D:1      | jamesblauser the Draconian Berserker began the quest for
                  | the Orb.
     0 | D:1      | Reached XP level 1. HP: 19/19 MP: 1/1
   190 | D:1      | Reached XP level 2. HP: 26/26 MP: 2/2
   531 | D:1      | Reached XP level 3. HP: 33/33 MP: 3/3
   669 | D:2      | Reached ** piety under Trog
   812 | D:2      | Killed by an exploding rat... ignited by their inner flame

Illustrated notes

Levels and vault maps discovered:
D:1:      roderic_octagonal_star, layout_rooms, minivault_19,
          minmay_pentomino_q4
D:2:      layout_basic, basic_altar, hellmonk_ecumenical_altar_lost_god,
          minmay_cut_off

Skill      XL: |  1  2 |
---------------+-------+-----
Dodging        | 3 |  3.1
Fighting       | |  3.9
Polearms       | |  3.6
Stealth        | |  0.4

Action                   || total
-------------------------++-------
Melee: Spear             ||   116
       Tailslap          ||    12
       Punch             ||     1
Invok: Berserk           ||     1
       Trog's Hand       ||     1
  Use: Potion            ||     1
       Scroll            ||     1
Armor: Skin              ||    44
Dodge: Dodged            ||    83
